 Dungeon Crawl Stone Soup version 0.28-a0-1087-gf3fc490d9d (webtiles) character file.

Game seed: 17763982299003376122

64 meatgazer the Skirmisher (level 3, -2/29 HPs)
             Began as a Demonspawn Abyssal Knight on Dec 10, 2021.
             Was a Follower of Lugonu.
             Slain by a gnoll (9 damage)
             ... on level 2 of the Dungeon.
             The game lasted 00:01:46 (1665 turns).

meatgazer the Skirmisher (DsAK)                     Turns: 1665, Time: 00:01:47

Health: -2/29      AC: 15    Str: 15    XL:     3   Next: 91%
Magic:  5/5        EV:  6    Int: 11    God:    Lugonu [*.....]
Gold:   55         SH:  4    Dex: 13    Spells: 2/2 levels left

rFire   . . .      SeeInvis .   a - +1 spear
rCold   . . .      Faith    .   (no shield)
rNeg    . . .      Spirit   .   c - +0 storm dragon scales
rPois   .          Reflect  .   (no helmet)
rElec   +          Harm     .   (no cloak)
rCorr   .          Rampage  .   (no gloves)
Will    .....                   (no boots)
Stlth   ..........              (no amulet)
HPRegen 0.09/turn               (no ring)
MPRegen 0.09/turn               (no ring)

@: mighty
A: icemail 1, condensation shield
a: Renounce Religion, Depart the Abyss


You were on level 2 of the Dungeon.
You worshipped Lugonu.
Lugonu was aware of your devotion.
You visited 1 branch of the dungeon, and saw 2 of its levels.
You visited the Abyss 1 time.

You collected 55 gold pieces.

Inventory:

Hand Weapons
 a - a +1 spear (weapon)
Armour
 c - +0 storm dragon scales (worn)
Jewellery
 b - a +6 ring of dexterity
Scrolls
 d - 2 scrolls of identify
 f - a scroll of silence {unknown}


   Skills:
 + Level 3.4 Fighting
 + Level 2.3 Polearms
 * Level 2.8 Armour
 - Level 0.8 Dodging
 + Level 3.2 Invocations


You had 2 spell levels left.
You didn't know any spells.
Your spell library was empty.

Dungeon Overview and Level Annotations

Branches:
Dungeon (2/15)

Altars:


Innate Abilities, Weirdness & Mutations

A meltable icy envelope protects you from harm. (AC +4)
A meltable shield of frost defends you. (SH +4)


Message History

You barely miss the gnoll.
The gnoll is lightly wounded.
The gnoll hits you but does no damage. x2
You hit the gnoll.
The gnoll is heavily wounded.
The gnoll hits you but does no damage. x2; The gnoll hits you with a +0 whip.
You hit the gnoll.
The gnoll is almost dead.
The gnoll closely misses you. The gnoll hits you but does no damage.
The gnoll hits you with a +0 whip.
There are monsters nearby!
You feel very mighty all of a sudden. The gnoll barely misses you.
You puncture the gnoll!
You kill the gnoll!
Lugonu accepts your kill.
You puncture the gnoll!
The gnoll is severely wounded.
The gnoll hits you with a +0 whip.
You puncture the gnoll!
You kill the gnoll!
Lugonu accepts your kill.
You puncture the gnoll!
The gnoll is severely wounded.
The gnoll hits you but does no damage.
You hit the gnoll.
You kill the gnoll!
Lugonu accepts your kill.
You closely miss the gnoll. The gnoll hits you with a +0 flail.
You puncture the gnoll!
The gnoll is almost dead.
The gnoll hits you with a +0 flail.
* * * LOW HITPOINT WARNING * * *
You barely miss the gnoll.
The gnoll is almost dead.
The gnoll hits you but does no damage.
You closely miss the gnoll.
The gnoll is severely wounded.
The gnoll hits you with a +0 flail!
You die...

###..........# #...# ...
.............###
##...##.#
###............. ....#..#
#......(...# #.....#
##..........# #.g..#
..........#### ##.#.#
...####.#....#######....#
##. #.#.##....##....#.#
#. #.#.#####.@g....#.# #.
#[#.# ####......# #.#.#
#.....#.# #.#.#
#..####### #.#.# ...# #.#
..## #.# ###


You could see a gnoll.

Vanquished Creatures
  3 gnolls (D:2)
  An endoplasm (D:2)
  3 giant cockroaches (D:1)
  2 goblins (D:1)
  2 hobgoblins (D:1)
  4 jackals (D:1)
  3 kobolds
  2 quokkas (D:1)
  4 ball pythons (D:1)
  4 bats (D:1)
  2 frilled lizards (D:1)
  2 rats (D:1)
32 creatures vanquished.

Notes
Turn   | Place    | Note
-------+----------+-------------------------------------------
     0 | Abyss:1  | meatgazer the Demonspawn Abyssal Knight began the quest for
                  | the Orb.
     0 | Abyss:1  | Reached XP level 1. HP: 18/18 MP: 2/2
    50 | Abyss:2  | Found a corrupted altar of Lugonu.
    52 | Abyss:2  | Found a corrupted altar of Lugonu.
    72 | Abyss:2  | Noticed a raiju
    72 | Abyss:2  | Noticed a raiju
    72 | Abyss:2  | Noticed a raiju
    73 | D:1      | Escaped the Abyss
   342 | D:1      | Reached * piety under Lugonu
   355 | D:1      | Gained mutation: A meltable shield of frost defends you.
                  | (SH +4) [demonic ancestry]
   355 | D:1      | Reached XP level 2. HP: 20/24 MP: 4/4
  1057 | D:1      | Gained mutation: A meltable icy envelope protects you from
                  | harm. (AC +4) [demonic ancestry]
  1057 | D:1      | Reached XP level 3. HP: 29/29 MP: 5/5
  1173 | D:1      | Found a faded altar of an unknown god.
  1665 | D:2      | Slain by a gnoll

Illustrated notes

Levels and vault maps discovered:
D:1:      dpeg_arrival_stone_temple_mockup, layout_basic,
          shapermc_ecumenical_altar_hornbeckon
D:2:      layout_rooms, uniq_natasha, uniq_jessica

Skill      XL: |  1  2 |
---------------+-------+-----
Armour         | 2 |  2.8
Polearms       | 2 |  2.3
Invocations    | 3 |  3.2
Fighting       | |  3.4
Dodging        | |  0.8

Action                   || total
-------------------------++-------
Melee: Spear             ||   127
Invok: Depart the Abyss  ||     1
  Use: Scroll            ||     1
       Potion            ||     1
Armor: Storm dragon scal ||    86
Dodge: Dodged            ||    33
Block: Other             ||    10

Table legend: (Time is in decaauts)
 A = Elapsed time spent in this place.
 B = Non-inter-level travel time spent in this place.
 C = Inter-level travel time spent in this place.
 D = Time resting spent in this place.
 E = Time spent auto-exploring this place.
 F = Levels seen in this place.
 G = Mean time per level.
                   A        B        C        D        E       F      G
               +--------+--------+--------+--------+--------+-----+--------+
         Total |   1667 |   1648 |     19 |    183 |   1234 |   4 |  416.8 |
       Dungeon |   1594 |   1575 |     19 |    183 |   1180 |   2 |  797.0 |
         Abyss |     72 |     72 |      0 |      0 |     54 |   2 |   36.0 |
               +--------+--------+--------+--------+--------+-----+--------+

Top non-repeatable levels by time:
     D:1: 1455 daAuts
     D:2: 138 daAuts
 Abyss:1: 50 daAuts
 Abyss:2: 22 daAuts
